 Dungeon Crawl Stone Soup version 0.29.0-13-gc9e81de378 (webtiles) character file.

Game seed: 3454106098728763781

79 NinjaNoafa the Grave Robber (level 4, -2/24 HPs)
             Began as a Deep Elf Necromancer on Sept 7, 2022.
             Slain by an orc
             ... wielding a +0 mace
              (5 damage)
             ... on level 2 of the Dungeon.
             The game lasted 00:02:14 (1815 turns).

NinjaNoafa the Grave Robber (Deep Elf Necromancer)  Turns: 1815, Time: 00:02:15

Health: -2/24      AC:  2    Str:  5    XL:     4   Next: 16%
Magic:  10/12      EV: 12    Int: 22    God:
Gold:   71         SH:  0    Dex: 15    Spells: 10/11 levels left

rFire   . . .      SeeInvis .   g - +0 dagger (venom)
rCold   . . .      Faith    .   (no shield)
rNeg    . . .      Spirit   .   a - +0 robe
rPois   .          Reflect  .   (no helmet)
rElec   .          Harm     .   (no cloak)
rCorr   .          Rampage  .   (no gloves)
Will    .....                   (no boots)
Stlth   ++........              (no amulet)
HPRegen 0.08/turn               (no ring)
MPRegen 0.13/turn               (no ring)

@: no status effects
A: no striking features
a: no special abilities


You were on level 2 of the Dungeon.
You visited 1 branch of the dungeon, and saw 2 of its levels.

You collected 71 gold pieces.

Inventory:

Hand Weapons
 g - a +0 dagger of venom (weapon)
Missiles
 d - 33 stones
Armour
 a - a +0 robe (worn)
Scrolls
 f - a scroll of teleportation {unknown}
Potions
 b - 2 potions of magic
 c - a potion of heal wounds {unknown}
 e - a potion of berserk rage {unknown}


   Skills:
 - Level 2.4 Dodging
 - Level 2.4 Stealth
 - Level 4.0 Spellcasting
 + Level 6.4 Necromancy


You had 10 spell levels left.
You knew the following spells:

 Your Spells              Type           Power      Damage    Failure   Level
a - Necrotise             Necr           100%       1d9       1%          1

Your spell library contained the following spells:

 Spells                   Type           Power      Damage    Failure   Level
 Vampiric Draining        Necr           32%        2d8       2%          3
 Animate Dead             Necr           32%        N/A       8%          4
 Agony                    Necr           32%        N/A       22%         5


Dungeon Overview and Level Annotations

Branches:
Dungeon (2/15)

Altars:


Message History

An orc wizard comes into view. It is wielding a +0 dagger.
You kill the worm!
An orc comes into view. It is wielding a +0 trident.
The orc writhes in agony.
The orc writhes in agony.
The orc writhes in agony.
You kill the orc!
The dead are walking!
The endoplasm barely misses your orc skeleton.
The endoplasm hits your orc skeleton.
You see here a +0 short sword.
You swap places.
The endoplasm hits you.
You hit the endoplasm.
The endoplasm is heavily wounded.
The endoplasm hits you but does no damage.
You hit the endoplasm but do no damage.
The endoplasm is heavily wounded.
Your orc skeleton hits the endoplasm but does no damage.
The endoplasm freezes you.
You are frozen.
You hit the endoplasm.
You kill the endoplasm!
The orc wizard casts a spell at you. The puff of flame hits you.
You swap places.
The orc wizard points at you and mumbles some strange words.
The puff of flame hits you!
You closely miss the orc wizard.
Your orc skeleton closely misses the orc wizard.
The orc barely misses you.
The orc wizard gestures at you while chanting.
The puff of flame hits you.
* * * LOW HITPOINT WARNING * * *
You hit the orc wizard.
The orc wizard is poisoned.
The orc wizard is lightly wounded.
Your orc skeleton completely misses the orc wizard.
The orc wizard hits you with a +0 dagger.
* * * LOW HITPOINT WARNING * * *
The orc hits you with a +0 mace.
You die...

.... .................
#.... #..............##.
# ..##.............. #.
#.##..#...####.##.
#.###.## .##.†.....##.
#.##.....##..##..........
...o.........##.......##.
#.#####oo######...###..#.
#.#####Z@######...####...
#........................
....###......##.#.#######
#.#.###..###.##.......# #
.........# #.####.###.# #
.........###.# #.# #.###
.....(....##.####.###....
.#####....##...........##
......!.........<......#


You could see an orc wizard (very poisoned, ally target), an orc and a friendly
orc skeleton.

Vanquished Creatures
  An adder (D:2)
  3 worms (D:2)
  2 dart slugs (D:1)
  An orc (D:2)
  8 bats
  4 endoplasms
  3 giant cockroaches
  5 goblins (D:1)
  5 hobgoblins (D:1)
  5 kobolds (D:1)
  3 quokkas
  5 ball pythons
  A frilled lizard (D:2)
  4 rats (D:1)
50 creatures vanquished.

Vanquished Creatures (collateral kills)
  A goblin (D:1)
1 creature vanquished.

Grand Total: 51 creatures vanquished

Notes
Turn   | Place    | Note
-------+----------+-------------------------------------------
     0 | D:1      | NinjaNoafa the Deep Elf Necromancer began the quest for the
                  | Orb.
     0 | D:1      | Reached XP level 1. HP: 10/10 MP: 6/6
   228 | D:1      | Reached skill level 5 in Necromancy
   301 | D:1      | Reached XP level 2. HP: 15/15 MP: 6/8
   782 | D:1      | Reached XP level 3. HP: 16/19 MP: 10/10
  1108 | D:1      | Found a faded altar of an unknown god.
  1417 | D:2      | Reached skill level 6 in Necromancy
  1684 | D:2      | Reached XP level 4. HP: 23/24 MP: 7/12
  1815 | D:2      | Slain by an orc

Illustrated notes

Levels and vault maps discovered:
D:1:      shiori_arrival_oz, layout_loops_ring,
          shapermc_ecumenical_altar_mp_vishouse, minmay_misc_feat_square
D:2:      layout_basic

Skill      XL: |  1  2  3 |
---------------+----------+-----
Necromancy     | 5 6 |  6.4
Spellcasting   | 4 |  4.0
Dodging        | |  2.4
Stealth        | |  2.4

Action                   |  1- 3 |  4- 6 || total
-------------------------+-------+-------++-------
Melee: Unarmed           |     1 |       ||     1
       Dagger            |    14 |     7 ||    21
 Cast: Necrotise         |    68 |     4 ||    72
  Use: Potion            |     2 |       ||     2
Armor: Robe              |    11 |     1 ||    12
Dodge: Dodged            |    24 |     2 ||    26
